 Dungeon Crawl Stone Soup version 0.23-a0-183-gf37f6fb (webtiles) character file.

607 namelastname112 the Sneak (level 7, 58/58 HPs)
             Began as a Pale Draconian Assassin on Sept 21, 2018.
             Quit the game on level 4 of the Dungeon.
             The game lasted 00:07:33 (4069 turns).

namelastname112 the Sneak (Pale Draconian Assassin) Turns: 4069, Time: 00:07:33

Health: 58/58      AC:  8    Str: 14    XL:     7   Next: 19%
Magic:  7/7        EV: 13    Int: 11    God:
Gold:   104        SH:  0    Dex: 14    Spells: 6/6 levels left

rFire    . . .     SeeInvis .   a - +2 dagger
rCold    . . .     Gourm    .   (no shield)
rNeg     . . .     Faith    .   (armour unavailable)
rPois    .         Spirit   .   (helmet restricted)
rElec    .         Reflect  .   c - +1 cloak
rCorr    .         Harm     .   (no gloves)
MR       .....                  (no boots)
Stlth    +++.......             (no amulet)
HPRegen  0.19/turn              (no ring)
MPRegen  0.10/turn              (no ring)

@: no status effects
A: breathe steam, unfitting armour, cold-blooded, AC +6
a: Breathe Steam


You were on level 4 of the Dungeon.
You were hungry.

You visited 1 branch of the dungeon, and saw 4 of its levels.

You collected 104 gold pieces.

Inventory:

Hand Weapons
 a - a +2 dagger (weapon)
 b - a +0 blowgun
Missiles
 d - 17 poisoned needles
 e - 2 curare-tipped needles
Armour
 c - a +1 cloak (worn)
Scrolls
 g - 3 scrolls of enchant armour
 i - a scroll of remove curse
 j - 2 scrolls of teleportation
 l - 3 scrolls of identify {unknown}
 m - 2 scrolls of fog {unknown}
 s - a scroll of random uselessness {unknown}
Potions
 h - a potion of haste {unknown}
 k - a potion of flight
 n - 3 potions of agility
 o - a potion of ambrosia {unknown}
 q - a potion of cancellation {unknown}
 r - 2 potions of curing {unknown}
Comestibles
 f - 7 rations


   Skills:
 + Level 3.8 Fighting
 * Level 4.5 Short Blades
 + Level 3.0 Throwing
 + Level 2.7 Dodging
 * Level 5.4 Stealth


You had 6 spell levels left.
You didn't know any spells.
Your spell library was empty.

Dungeon Overview and Level Annotations

Branches:
Dungeon (4/15)
 Temple: D:4-7

Altars:
Fedhas
Qazlal
Wu Jian


Innate Abilities, Weirdness & Mutations

You can breathe blasts of scalding, opaque steam.
Your pale cyan-grey scales are hard. (AC +6)
You cannot fit into any form of body armour.
You are cold-blooded and may be slowed by cold attacks.


Message History

A scorpion is nearby!
Found 12 stones.
There is an ornate altar of the Wu Jian Council here.
The helpless scorpion fails to defend itself.
You impale the scorpion!!
You kill the scorpion!
No target in view!
No target in view!
No target in view!
No target in view!
No target in view!
No target in view!
No target in view!
No target in view!
No target in view!
No target in view!
No target in view!
No target in view!
No target in view!
Are you sure you want to abandon this character and quit the game? (Confirm

### ..###### ##......#
.(. ...# #.#.# #.# #..##
#.#.###.###...+
#.#.##...##...#
#....†@_......#
#...##...##.#.####+#
#...###.###.#......#
#...###.###.#.######
########...........#.#
####..............#####.#
.....#######..###.#####.#
.#######.....####.......#
....................#####


There were no monsters in sight!

Vanquished Creatures
  Grinder (D:4)
  A scorpion (D:4)
  A hound (D:4)
  A centaur skeleton (D:4)
  Jessica (D:2)
  A hound skeleton (D:4)
  Robin (D:2)
  9 gnolls
  8 adders
  3 adder skeletons (D:4)
  A worm (D:3)
  2 dart slugs
  3 leopard geckos
  10 bats
  3 giant cockroaches
  15 goblins
  5 hobgoblins
  2 quokkas
  6 frilled lizards
  8 kobolds
  9 rats
91 creatures vanquished.

Notes
Turn   | Place    | Note
-------+----------+-------------------------------------------
     0 | D:1      | namelastname112 the Draconian Assassin began the quest for
                  | the Orb.
     0 | D:1      | Reached XP level 1. HP: 17/17 MP: 1/1
    63 | D:1      | Reached skill level 1 in Dodging
   108 | D:1      | Reached XP level 2. HP: 20/24 MP: 2/2
   683 | D:2      | Reached skill level 4 in Stealth
   683 | D:2      | Reached XP level 3. HP: 30/30 MP: 3/3
   802 | D:2      | Noticed Jessica
   818 | D:2      | Killed Jessica
   818 | D:2      | Reached XP level 4. HP: 17/37 MP: 4/4
  1690 | D:2      | Noticed Robin
  1739 | D:2      | Killed Robin
  2033 | D:2      | Found a blossoming altar of Fedhas.
  2340 | D:3      | Reached XP level 5. HP: 42/44 MP: 5/5
  3647 | D:4      | Reached XP level 6. HP: 49/51 MP: 6/6
  3688 | D:4      | Noticed Grinder
  3694 | D:4      | Killed Grinder
  3694 | D:4      | Reached skill level 5 in Stealth
  3792 | D:4      | Your scales start taking on a pale cyan-grey colour.
  3792 | D:4      | Reached XP level 7. HP: 45/58 MP: 7/7
  3900 | D:4      | Noticed a water elemental
  3903 | D:4      | Found a stormy altar of Qazlal.
  3905 | D:4      | Noticed a fire elemental
  3906 | D:4      | Noticed an air elemental
  4060 | D:4      | Found an ornate altar of the Wu Jian Council.
  4069 | D:4      | Quit the game

Vault maps used:
D:1:      ncdulo_lavacross
D:2:      fedhas_altar_1, uniq_jessica, uniq_robin
D:4:      nicolae_qazlal_style_of_elements, nicolae_overflow_crystal_walls,
          grunt_dithmenos_shadows, temple_green, first_ration, uniq_grinder

Skill      XL: |  1  2  3  4  5  6  7 |
---------------+----------------------+-----
Dodging        | 1 2 |  2.7
Stealth        | 4 5 |  5.4
Throwing       | 2 3 |  3.0
Short Blades   | 3 4 |  4.5
Fighting       | 3 |  3.8

Action                   |  1- 3 |  4- 6 |  7- 9 || total
-------------------------+-------+-------+-------++-------
Melee: Dagger            |    92 |   204 |    12 ||   308
       Tailslap          |     7 |    28 |       ||    35
 Fire: Blowgun           |       |    40 |       ||    40
  Use: Scroll            |       |     5 |       ||     5
       Potion            |       |     2 |       ||     2
 Stab: Sleeping          |     6 |     6 |     2 ||    14
  Eat: Chunk             |       |     6 |       ||     6
       Ration            |       |     1 |       ||     1
Armor: Skin              |    29 |    57 |       ||    86
Dodge: Dodged            |    43 |   145 |     6 ||   194

Table legend:
 A = Non-vault XP
 B = Vault XP
 C = Vault XP percentage of total XP
 D = Non-vault monster count
 E = Vault monster count
 F = Vault count percentage of total count
                 A         B        C        D         E       F
            +---------+---------+-------+---------+---------+-------
      Total |     509 |     359 |  41.4 |      78 |      13 |  14.3
            +---------+---------+-------+---------+---------+-------
        D:1 |      36 |       0 |   0.0 |      23 |       0 |   0.0
        D:2 |     125 |      69 |  35.6 |      25 |      12 |  32.4
        D:3 |     116 |       0 |   0.0 |      19 |       0 |   0.0
        D:4 |     232 |     290 |  55.6 |      11 |       1 |   8.3
            +---------+---------+-------+---------+---------+-------
